[Event "Team 45 45 League T63"]
[Site "Internet Chess Club"]
[Date "2014.12.31"]
[Round "5"]
[White "AVEMARIA"]
[Black "DouDou"]
[Result "1/2-1/2"]
[WhiteElo "1651"]
[BlackElo "1675"]
[Opening "Ruy Lopez: closed (10...c5)"]
[ECO "C96"]
[Time "17:10:11"]
[TimeControl "2700+45"]

1. e4 e5 2. Nf3 Nc6 3. Bb5 a6 4. Ba4 Nf6 5. O-O Be7 6. Re1 b5 7. Bb3 d6 8. c3
O-O 9. h3 Na5 10. Bc2 c5 11. d3 Qc7 12. Nbd2 Nc6 13. Nf1 Bd7 14. Ne3 Rac8 15.
Bd2 h6 16. a3 a5 17. Rc1 a4 18. Qe2 Na5 19. Qd1 Be6 20. c4 bxc4 21. Bxa5 Qxa5
22. Nxc4 Bxc4 23. dxc4 Ra8 24. Bd3 Rfb8 25. Qc2 Nh5 26. g3 Qc7 27. Kh2 Qb7 28.
Rb1 Nf6 29. Ng1 Ne8 30. Ne2 Nc7 31. Nc3 Ne6 32. Nb5 Qc6 33. Bf1 Nd4 34. Nxd4
cxd4 35. Rec1 Bg5 36. Rd1 Rb3 37. Rd3 Qxe4 38. Bg2 Qxd3 39. Qxd3 Rxd3 40. Bxa8
Rd2 41. Kg1 Rc2 42. Bd5 Rc1+ 43. Rxc1 Bxc1 44. Bc6 Bxb2 45. Bxa4 Bxa3 46. Kf1 d3
47. Ke1 Bb4+ 48. Kd1 d2 49. Bc6 Kf8 50. f3 Ke7 51. Bd5 f6 52. g4 Kd7 53. Be4 Kc7
54. Bc2 Kb6 55. Ke2 Kc5 56. Kd3 d5 57. cxd5 Kxd5 58. Ke2 Kd4 59. h4 g5 60. h5
Kc3 61. Ba4 Bc5 62. Bd1 Bg1 63. Ba4 Bh2 64. Bd1 Bf4 65. Ba4 Kd4 66. Bb3 e4 67.
fxe4 Kxe4 68. Be6 Ke5 69. Bf5 Kd4 70. Bc2 Kc3 71. Ba4 Bd6 72. Bd1 Bb4 73. Ba4
Kd4 74. Bc2 Ba5 75. Bb3 Ke5 76. Bc2 Kf4 77. Bf5 Bb4 78. Be6 {Game drawn by
mutual agreement} 1/2-1/2

[Event "Team 45 45 League T63"]
[Site "Internet Chess Club"]
[Date "2014.12.29"]
[Round "5"]
[White "gyu123987kool"]
[Black "Egmont"]
[Result "0-1"]
[WhiteElo "1636"]
[BlackElo "1781"]
[Opening "French: Fort Knox variation"]
[ECO "C03"]
[Time "12:00:23"]
[TimeControl "2700+45"]

1. e4 e6 2. d4 d5 3. Nd2 dxe4 4. Nxe4 Bd7 5. Nf3 Bc6 6. Bd3 Nd7 7. O-O Ngf6 8.
Ng3 Be7 9. Re1 Bxf3 10. Qxf3 c6 11. c3 O-O 12. Bf4 Qb6 13. Re2 c5 14. dxc5 Bxc5
15. b4 Be7 16. Nh5 Rfc8 17. Rc1 Qc6 18. Nxf6+ Bxf6 19. Qxc6 Rxc6 20. c4 Rac8 21.
b5 Rc5 22. Be3 R5c7 23. a4 Ne5 24. Be4 Rxc4 25. Rxc4 Rxc4 26. Bxb7 Rxa4 27. f4
Nd3 28. g4 Nxf4 29. Rc2 g6 30. Kf2 Bd4 31. Bxd4 Rxd4 32. Ra2 Nd3+ 33. Ke3 e5 34.
Rxa7 Nc5 35. Bc6 Rb4 36. h3 Kg7 37. Be8 Rb3+ 38. Kf2 Ne4+ 39. Kg2 Nd6 40. Bc6
Nxb5 41. Bxb5 Rxb5 42. Kf3 Rb3+ 43. Kg2 Rb6 44. Kf3 Kf6 45. Ra4 Rd6 46. Ke4 Rd4+
47. Rxd4 exd4 48. Kxd4 Kg5 {White resigns} 0-1

[Event "Team 45 45 League T63"]
[Site "Internet Chess Club"]
[Date "2014.12.29"]
[Round "5"]
[White "Kingofknights"]
[Black "rl154"]
[Result "0-1"]
[WhiteElo "1674"]
[BlackElo "1617"]
[Opening "Grünfeld: 5.e3"]
[ECO "D94"]
[Time "15:00:33"]
[TimeControl "2700+45"]

1. d4 Nf6 2. c4 g6 3. Nc3 d5 4. e3 Bg7 5. Nf3 O-O 6. Be2 dxc4 7. Bxc4 Bg4 8. h3
Bd7 9. Ne5 Nc6 10. Nxd7 Qxd7 11. O-O e6 12. Be2 a6 13. Bf3 Rfd8 14. b3 e5 15.
dxe5 Nxe5 16. Be2 Qxd1 17. Rxd1 Rxd1+ 18. Nxd1 Rd8 19. Rb1 Nd3 20. Ba3 Ne4 21.
Bf3 Nd2 22. Rc1 Nxc1 23. Bxc1 Nxf3+ 24. gxf3 Rxd1+ {White resigns} 0-1

[Event "Team 45 45 League T63"]
[Site "Internet Chess Club"]
[Date "2014.12.25"]
[Round "5"]
[White "chessnow"]
[Black "tightfist"]
[Result "1/2-1/2"]
[WhiteElo "1732"]
[BlackElo "1615"]
[Opening "French: Tarrasch"]
[ECO "C03"]
[Time "23:00:09"]
[TimeControl "2700+45"]

1. e4 e6 2. d4 d5 3. Nd2 Bd7 4. Ngf3 c5 5. Be2 Nc6 6. c3 dxe4 7. Nxe4 cxd4 8.
cxd4 Bb4+ 9. Bd2 Nf6 10. Nxf6+ Qxf6 11. Bxb4 Nxb4 12. Qb3 Qe7 13. a3 Nc6 14. O-O
O-O 15. Rfe1 Na5 16. Qd3 Rac8 17. Rac1 Rxc1 18. Rxc1 Rc8 19. Rxc8+ Bxc8 20. Qc3
Nc6 21. Ne5 Bd7 22. Bf3 Qe8 23. Nxc6 Bxc6 24. Bxc6 Qxc6 25. Qxc6 bxc6 26. Kf1
Kf8 27. Ke2 Ke7 28. Kd3 Kd6 29. Kc4 g5 30. b4 f5 31. b5 f4 32. bxc6 Kxc6 33. a4
h5 34. h3 g4 35. hxg4 f3 36. g3 hxg4 37. Kd3 Kd5 38. Kc3 Ke4 39. Kc4 a5 40. Kc3
e5 41. dxe5 Kxe5 42. Kc4 Ke4 43. Kc3 Ke5 44. Kc4 Ke4 45. Kc3 Ke5 46. Kc4 Ke4 47.
Kc3 {Game drawn by repetition} 1/2-1/2

[Event "Team 45 45 League T63"]
[Site "Internet Chess Club"]
[Date "2014.12.27"]
[Round "5"]
[White "smyslovVchess"]
[Black "fishhead"]
[Result "0-1"]
[WhiteElo "1557"]
[BlackElo "1784"]
[Opening "Alekhine's defense: exchange variation"]
[ECO "B03"]
[Time "16:00:27"]
[TimeControl "2700+45"]

1. e4 Nf6 2. e5 Nd5 3. d4 d6 4. c4 Nb6 5. exd6 cxd6 6. b3 g6 7. Nc3 Bg7 8. Be3
O-O 9. Nf3 Bg4 10. Be2 Nc6 11. O-O d5 12. c5 Nc8 13. a3 e6 14. h3 Bxf3 15. Bxf3
N8e7 16. b4 Nf5 17. Ne2 Qf6 18. Bg4 Ncxd4 19. Nxd4 Nxd4 20. Bxd4 Qxd4 21. Qxd4
Bxd4 22. Rad1 Bg7 23. f4 Rfd8 24. Bf3 Rac8 25. Rf2 b6 26. Rc2 bxc5 27. bxc5 Rc6
28. Be2 Rdc8 29. Rdc1 Bd4+ 30. Kf1 {White resigns} 0-1

[Event "Team 45 45 League T63"]
[Site "Internet Chess Club"]
[Date "2015.01.04"]
[Round "5"]
[White "no2"]
[Black "hudson"]
[Result "1-0"]
[WhiteElo "1703"]
[BlackElo "1618"]
[Opening "King's Indian: Sämisch, orthodox variation"]
[ECO "E85"]
[Time "14:02:27"]
[TimeControl "2700+45"]

1. d4 Nf6 2. c4 g6 3. Nc3 Bg7 4. e4 d6 5. f3 O-O 6. Be3 e5 7. Bd3 Nfd7 8. Nge2
Nc6 9. d5 Ne7 10. Qd2 f5 11. Bh6 f4 12. Bxg7 Kxg7 13. O-O-O a5 14. Rdf1 Nc5 15.
g3 g5 16. h4 h6 17. hxg5 hxg5 18. gxf4 gxf4 19. Rfg1+ Ng6 20. Rg2 Rh8 21. Rhg1
Rh6 22. Bc2 Qf6 23. Kb1 Bd7 24. Nc1 Rah8 25. Nd1 b6 26. Nf2 Kf7 27. Bd1 R8h7 28.
Ng4 Bxg4 29. Rxg4 Rh2 30. R1g2 Rxg2 31. Qxg2 Rg7 32. a3 Nh4 33. Qh3 Rxg4 34.
Qxg4 a4 35. Na2 Ng6 36. Nc3 Qh4 37. Qc8 Qe7 38. Nb5 Qd7 39. Qxc7 Qxc7 40. Nxc7
Nh4 41. Nb5 Ke7 42. Kc2 Ng2 43. Kc3 Ne3 44. Bc2 Kd7 45. Na7 Kc7 46. Nc6 Kd7 47.
Nb4 Kc7 48. Nd3 Nxd3 49. Kxd3 Ng2 50. Bxa4 Ne3 51. b4 Kb7 52. Bb3 Kc7 53. Ke2
Kd7 54. Kf2 Ke7 55. Kg1 Kd7 56. Kh2 Kc7 57. Kh3 Kd7 58. Kh4 Ng2+ 59. Kg5 Ke7 60.
a4 Ne1 61. Bd1 Nd3 62. a5 bxa5 63. bxa5 Nc5 64. Be2 Kf7 65. Bf1 Ke7 66. Bh3 Kd8
67. Kf6 Kc7 68. Ke7 Na6 69. Bd7 Nc5 70. Bb5 Nd3 71. a6 Ne1 72. c5 dxc5 73. d6+
Kb6 74. d7 {Black resigns} 1-0

[Event "Team 45 45 League T63"]
[Site "Internet Chess Club"]
[Date "2015.01.04"]
[Round "5"]
[White "alexine"]
[Black "lilith"]
[Result "0-1"]
[WhiteElo "1499"]
[BlackElo "1519"]
[Opening "King's pawn game"]
[ECO "C50"]
[Time "16:06:33"]
[TimeControl "2700+45"]

1. e4 e5 2. Nf3 Nc6 3. Bc4 h6 4. d3 Nf6 5. a3 Bc5 6. O-O O-O 7. b4 Bb6 8. Bb2 d6
9. h3 Ne7 10. Nbd2 Ng6 11. d4 Re8 12. a4 Bxd4 13. Nxd4 exd4 14. Re1 Ne5 15. Bf1
c5 16. f4 Ng6 17. f5 Ne5 18. b5 d5 19. c3 dxe4 20. cxd4 cxd4 21. Nxe4 Bxf5 22.
Ng3 Bg6 23. Bxd4 Ned7 24. Bc4 Qc7 25. Qb3 Rxe1+ 26. Rxe1 Re8 27. Rxe8+ Nxe8 28.
Bxa7 b6 29. Nf5 Ne5 {White resigns} 0-1

[Event "Team 45 45 League T63"]
[Site "Internet Chess Club"]
[Date "2014.12.26"]
[Round "5"]
[White "arconia"]
[Black "mkoga"]
[Result "0-1"]
[WhiteElo "1286"]
[BlackElo "1425"]
[Opening "Inverted Hanham"]
[ECO "C44"]
[Time "10:01:11"]
[TimeControl "2700+45"]

1. e4 e5 2. Nf3 Nc6 3. Be2 Nf6 4. d3 d5 5. Nbd2 Bc5 6. h3 Be6 7. O-O h6 8. a3
Qd7 9. b4 Bb6 10. Bb2 d4 11. Nc4 Bxc4 12. dxc4 a6 13. Bd3 O-O 14. Nh2 Rfe8 15.
Qe2 Ne7 16. f4 exf4 17. e5 Nf5 18. Rxf4 Nh7 19. Bxf5 Qxf5 20. Qe4 Qxe5 21. Qxe5
Rxe5 22. Bxd4 Bxd4+ 23. Rxd4 Nf6 24. Ng4 Nxg4 25. hxg4 c5 26. Rd5 Rxd5 27. cxd5
cxb4 28. axb4 b5 29. c3 Kf8 30. Rd1 Ke8 31. Kf2 Rc8 32. Rd3 Rc4 33. Re3+ Kd7 34.
Rf3 f6 35. g5 hxg5 36. Ke3 Rxc3+ {White resigns} 0-1

[Event "Team 45 45 League T63"]
[Site "Internet Chess Club"]
[Date "2015.01.03"]
[Round "5"]
[White "tammany"]
[Black "nidusin2"]
[Result "1-0"]
[WhiteElo "1792"]
[BlackElo "1576"]
[Opening "Queen's Indian: 4.Nc3"]
[ECO "E12"]
[Time "08:01:40"]
[TimeControl "2700+45"]

1. d4 Nf6 2. c4 e6 3. Nf3 b6 4. Nc3 Bb4 5. Bd2 c5 6. a3 Bxc3 7. Bxc3 Ne4 8. Qc2
Bb7 9. d5 Nxc3 10. Qxc3 O-O 11. e4 exd5 12. cxd5 Re8 13. O-O-O d6 14. Bd3 Nd7
15. h4 Ne5 16. Nxe5 Rxe5 17. f4 Rh5 18. Qe1 Qf6 19. Qf2 Re5 20. g4 g5 21. hxg5
Rxg5 22. Rxh7 Rxg4 23. Rg1 Rxg1+ 24. Qxg1+ Kf8 25. Qh2 Ke7 26. e5 dxe5 27. d6+
Qxd6 28. Qh5 Rf8 29. Bc4 Qf6 30. f5 Be4 31. Be6 Kd8 32. Qd1+ Kc7 33. Qd7+ Kb8
34. Qd6+ Kb7 35. Bd5+ Bxd5 36. Qxf6 {Black resigns} 1-0

[Event "Team 45 45 League T63"]
[Site "Internet Chess Club"]
[Date "2014.12.29"]
[Round "5"]
[White "fireball"]
[Black "Constrictor"]
[Result "0-1"]
[WhiteElo "1580"]
[BlackElo "1662"]
[Opening "Alekhine's defense: Maróczy variation"]
[ECO "B02"]
[Time "20:01:54"]
[TimeControl "2700+45"]

1. e4 Nf6 2. d3 e5 3. Nf3 Nc6 4. g3 Bc5 5. Bg2 d6 6. O-O O-O 7. c3 Bg4 8. Nbd2
Qd7 9. b4 Bb6 10. a4 a6 11. Qc2 Bh3 12. Ng5 Bxg2 13. Kxg2 Qg4 14. Nc4 Ba7 15. f4
exf4 16. Bxf4 h6 17. h3 Qd7 18. Nf3 Nh5 19. Be3 Bxe3 20. Nxe3 Rae8 21. Qe2 Nf6
22. Nh4 Re5 23. Rxf6 gxf6 24. Nhf5 Ne7 25. Nxh6+ Kh7 26. Nhf5 Nxf5 27. Nxf5 Rxf5
28. exf5 Qxf5 29. Rf1 Qe5 30. Qd2 Re8 31. Rf4 Qd5+ 32. Kh2 Kg7 33. Rg4+ Kf8 34.
Qh6+ Ke7 35. Re4+ Kd7 36. Rxe8 Kxe8 37. Qe3+ Kd7 38. c4 Qg5 39. Qf2 Qe5 40. h4
Ke6 41. d4 Qe4 42. d5+ Ke5 43. Qb2+ Kf5 44. Qf2+ Kg6 45. Qf4 Qe5 46. Qg4+ Kh7
47. Kh3 Qe1 48. Qf5+ Kg7 49. Qg4+ Kh7 50. Qf5+ Kg7 51. b5 Qh1+ 52. Kg4 Qd1+ 53.
Qf3 Qxa4 54. Kh5 Qxc4 55. bxa6 bxa6 56. g4 Qc1 57. g5 fxg5 58. hxg5 Qb2 59. Kg4
a5 60. Qh1 Qd4+ 61. Kf5 Qe5+ 62. Kg4 Qd4+ 63. Kf5 Qf2+ 64. Kg4 Qe2+ 65. Kf5 Qd3+
66. Kg4 Kg8 67. Qe1 Qd4+ 68. Kh5 Qxd5 69. Qe8+ Kg7 70. Qe7 Qf3+ 71. Kh4 Qf4+ 72.
Kh5 c5 73. Qa7 Qg3 74. g6 Qxg6+ 75. Kh4 Qf6+ 76. Kg4 Qd4+ 77. Kg3 Qe5+ 78. Kg4
c4 79. Kh4 c3 80. Qg1+ Kf8 81. Qg2 Qh8+ 82. Kg3 Qg8+ {White resigns} 0-1

[Event "Team 45 45 League T63"]
[Site "Internet Chess Club"]
[Date "2014.12.28"]
[Round "5"]
[White "elessar"]
[Black "Skeptic1972"]
[Result "0-1"]
[WhiteElo "1600"]
[BlackElo "1651"]
[Opening "Ruy Lopez: Wormald (Alapin) attack"]
[ECO "C77"]
[Time "14:00:16"]
[TimeControl "2700+45"]

1. e4 e5 2. Nf3 Nc6 3. Bb5 a6 4. Ba4 Nf6 5. Qe2 Bc5 6. Bxc6 dxc6 7. Nxe5 Qd4 8.
Nd3 O-O 9. Nxc5 Qxc5 10. d3 Bg4 11. Qe3 Qxc2 12. Na3 Qd1# {White checkmated} 0-1

[Event "Team 45 45 League T63"]
[Site "Internet Chess Club"]
[Date "2015.01.01"]
[Round "5"]
[White "Ajolote"]
[Black "Gilguli"]
[Result "1-0"]
[WhiteElo "1724"]
[BlackElo "1418"]
[Opening "Sicilian: Najdorf"]
[ECO "B90"]
[Time "16:01:23"]
[TimeControl "2700+45"]

1. e4 c5 2. Nf3 d6 3. d4 cxd4 4. Nxd4 Nf6 5. Nc3 a6 6. Bd2 e5 7. Nf3 b5 8. a3
Bb7 9. Bd3 Be7 10. O-O O-O 11. Re1 Nc6 12. Ne2 d5 13. exd5 Qxd5 14. Nc3 Qd6 15.
Bg5 Bd8 16. Bxh7+ Nxh7 17. Qxd6 Nxg5 18. Nxg5 Bxg5 19. Qc5 Rac8 20. Qb6 Ba8 21.
Qxa6 b4 22. axb4 Nxb4 23. Qa4 Rb8 24. Rxe5 Bc6 25. Qb3 Bf6 26. Rea5 Rfd8 27. Qc4
Bd7 28. Rc1 Bf5 29. Rxf5 {Black resigns} 1-0

[Event "Team 45 45 League T63"]
[Site "Internet Chess Club"]
[Date "2014.12.29"]
[Round "5"]
[White "Logic"]
[Black "Geeloo"]
[Result "0-1"]
[WhiteElo "1985"]
[BlackElo "1972"]
[Opening "Scotch gambit"]
[ECO "C44"]
[Time "15:07:25"]
[TimeControl "2700+45"]

1. e4 e5 2. Nf3 Nc6 3. d4 exd4 4. Bc4 Bc5 5. c3 Nf6 6. O-O Nxe4 7. cxd4 Bb6 8.
Re1 d5 9. Nc3 O-O 10. Nxd5 Bf5 11. a3 h6 12. b4 Nf6 13. Nxb6 axb6 14. d5 Nxb4
15. Bb2 Nc2 16. Nd4 Nxd4 17. Qxd4 Qd6 18. Re5 Bg6 19. Rae1 Rae8 20. f4 Qc5 21.
d6 Qxd4+ 22. Bxd4 cxd6 23. Re7 Rxe7 24. Rxe7 Rc8 25. Bb5 Rc1+ 26. Kf2 Ne4+ 27.
Ke3 Nc5 28. Bxc5 bxc5 29. Rxb7 Rc3+ 30. Kd2 Rxa3 31. Bc4 d5 32. g4 dxc4 33. f5
Bxf5 34. gxf5 Rf3 35. Rb8+ Kh7 36. f6 Rxf6 37. Rc8 Rf2+ 38. Kc3 Rxh2 39. Rxc5
Rh4 40. Rc6 Re4 41. Kd2 g6 42. Rc7 Kg7 43. Kc3 h5 44. Kd2 h4 45. Ra7 g5 46. Ra6
g4 {White resigns} 0-1

[Event "Team 45 45 League T63"]
[Site "Internet Chess Club"]
[Date "2015.01.04"]
[Round "5"]
[White "TerryMalloy"]
[Black "spand42"]
[Result "0-1"]
[WhiteElo "1844"]
[BlackElo "1933"]
[Opening "King's Indian: Four pawns attack, 6.Be2"]
[ECO "E77"]
[Time "09:04:08"]
[TimeControl "2700+45"]

1. d4 Nf6 2. c4 g6 3. Nc3 Bg7 4. e4 d6 5. Be2 O-O 6. f4 Na6 7. Nf3 e5 8. dxe5
dxe5 9. Qxd8 Rxd8 10. fxe5 Ng4 11. Bg5 Re8 12. Nd5 Nxe5 13. Rd1 Be6 14. O-O Nd7
15. Nd4 Bxd5 16. cxd5 Rxe4 {White resigns} 0-1

[Event "Team 45 45 League T63"]
[Site "Internet Chess Club"]
[Date "2014.12.30"]
[Round "5"]
[White "chessfish1"]
[Black "RubberDuck"]
[Result "1/2-1/2"]
[WhiteElo "1948"]
[BlackElo "1927"]
[Opening "Sicilian: Canal-Sokolsky attack, Sokolsky variation"]
[ECO "B52"]
[Time "13:21:50"]
[TimeControl "2700+45"]

1. e4 c5 2. Nf3 d6 3. Bb5+ Bd7 4. Bxd7+ Qxd7 5. c4 Nc6 6. Nc3 g6 7. d4 cxd4 8.
Nxd4 Bg7 9. Be3 Nf6 10. f3 O-O 11. O-O Rac8 12. b3 a6 13. a4 Qc7 14. Qd2 Rfd8
15. Rfd1 Qa5 16. Nd5 Nxd5 17. exd5 Qxd2 18. Rxd2 Nxd4 19. Bxd4 Bxd4+ 20. Rxd4
Kg7 21. Re1 Rd7 22. Rde4 Kf6 23. Kf2 h5 24. g4 hxg4 25. fxg4 Rh8 26. Kg3 g5 27.
Rf1+ Kg6 28. h3 f6 29. Rfe1 Kf7 30. R1e2 Rc7 31. Kg2 {Game drawn by mutual
agreement} 1/2-1/2

[Event "Team 45 45 League T63"]
[Site "Internet Chess Club"]
[Date "2014.12.29"]
[Round "5"]
[White "fledermaus"]
[Black "willhelm"]
[Result "1/2-1/2"]
[WhiteElo "1846"]
[BlackElo "1924"]
[Opening "English: Nimzo-English opening"]
[ECO "A05"]
[Time "16:05:07"]
[TimeControl "2700+45"]

1. Nf3 Nf6 2. c4 e6 3. Nc3 Bb4 4. Qc2 O-O 5. a3 Bxc3 6. Qxc3 d6 7. e3 e5 8. b4
Bg4 9. Be2 Nbd7 10. Bb2 c5 11. d3 a5 12. e4 Bxf3 13. Bxf3 Re8 14. O-O Nf8 15.
Qd2 b6 16. g3 Ne6 17. Bg2 Nd4 18. Bxd4 cxd4 19. Bh3 Nd7 20. Bxd7 Qxd7 21. f4 f6
22. b5 Qe7 23. f5 g5 24. fxg6 hxg6 25. Qh6 Qg7 26. Qxg7+ Kxg7 27. Ra2 Ra7 {Game
drawn by mutual agreement} 1/2-1/2

[Event "Team 45 45 League T63"]
[Site "Internet Chess Club"]
[Date "2015.01.02"]
[Round "5"]
[White "DeepGreen"]
[Black "CuatroPrincesas"]
[Result "1/2-1/2"]
[WhiteElo "2016"]
[BlackElo "2159"]
[Opening "Sicilian: Najdorf, 7.f4"]
[ECO "B96"]
[Time "16:01:02"]
[TimeControl "2700+45"]

1. e4 c5 2. Nf3 d6 3. d4 cxd4 4. Nxd4 Nf6 5. Nc3 a6 6. Bg5 e6 7. f4 Qc7 8. Qf3
b5 9. O-O-O b4 10. Nce2 Nbd7 11. g4 Bb7 12. Ng3 Be7 13. Bxf6 Nxf6 14. g5 Nd7 15.
h4 Rc8 16. Rh2 Nc5 17. Kb1 h6 18. g6 f5 19. Bd3 O-O {Game drawn by mutual
agreement} 1/2-1/2

[Event "Team 45 45 League T63"]
[Site "Internet Chess Club"]
[Date "2015.01.01"]
[Round "5"]
[White "SlimeDog2"]
[Black "xwang1"]
[Result "1-0"]
[WhiteElo "2020"]
[BlackElo "2022"]
[Opening "King's Indian: fianchetto with ...Nc6"]
[ECO "E62"]
[Time "22:14:53"]
[TimeControl "2700+45"]

1. d4 Nf6 2. c4 g6 3. Nf3 Bg7 4. g3 d6 5. Bg2 O-O 6. Nc3 Nc6 7. O-O Rb8 8. Bf4
a6 9. Rc1 Nd7 10. b3 Nxd4 11. Nxd4 e5 12. Be3 exd4 13. Bxd4 Ne5 14. Nd5 c5 15.
Ba1 b5 16. Ne3 Bb7 17. Bxb7 Rxb7 18. Qd5 Qd7 19. Rfd1 Rd8 20. Qd2 h5 21. Qa5 Nc6
22. Qd2 Ne5 23. f4 Nc6 24. Bxg7 Kxg7 25. Qc3+ f6 26. Nd5 Nd4 27. Rd2 Qe6 28. Kf2
Qh3 29. Kg1 Qe6 30. Re1 Re8 31. e4 Qg4 32. Rf2 b4 33. Qd3 f5 34. Ne3 Qh3 35.
exf5 h4 36. Qf1 Qxf1+ 37. Rfxf1 hxg3 38. hxg3 a5 39. fxg6 Kxg6 40. Nc2 Rxe1 41.
Nxe1 Re7 42. Nf3 Ne2+ 43. Kf2 Nc3 44. Nh4+ Kf6 45. g4 Re2+ 46. Kf3 Rxa2 47. g5+
Kf7 48. g6+ Kg7 49. Rg1 Re2 50. Nf5+ Kg8 51. g7 Re6 52. Rh1 Rg6 53. Rh8+ Kf7 54.
g8=Q+ Rxg8 55. Nh6+ Kg7 56. Rxg8+ Kxh6 57. f5 Kh7 58. Rg1 a4 59. f6 axb3 60. f7
{Black resigns} 1-0

[Event "Team 45 45 League T63"]
[Site "Internet Chess Club"]
[Date "2015.01.03"]
[Round "5"]
[White "RobertStephen"]
[Black "Goli"]
[Result "1/2-1/2"]
[WhiteElo "2041"]
[BlackElo "1878"]
[Opening "Benko's opening"]
[ECO "A00"]
[Time "16:30:31"]
[TimeControl "2700+45"]

1. g3 g6 2. Nf3 Bg7 3. d4 d6 4. Bg2 Nf6 5. O-O O-O 6. Nc3 c6 7. e4 Nbd7 8. e5
dxe5 9. Nxe5 Nxe5 10. dxe5 Qxd1 11. Rxd1 Ng4 12. f4 f6 13. h3 Nh6 14. exf6 exf6
15. Ne4 Nf7 16. Nc5 Rd8 17. Be3 f5 18. Rxd8+ Nxd8 19. c3 Ne6 {Game drawn by
mutual agreement} 1/2-1/2

[Event "Team 45 45 League T63"]
[Site "Internet Chess Club"]
[Date "2015.01.02"]
[Round "5"]
[White "jt2000"]
[Black "laurenpar"]
[Result "1-0"]
[WhiteElo "2099"]
[BlackElo "1951"]
[Opening "French: Chigorin variation"]
[ECO "C00"]
[Time "23:15:51"]
[TimeControl "2700+45"]

1. e4 e6 2. Qe2 Be7 3. g3 d5 4. d3 Nf6 5. Bg2 c5 6. f4 Nc6 7. Nf3 Rb8 8. O-O Nd4
9. Nxd4 cxd4 10. Nd2 b5 11. g4 dxe4 12. Nxe4 Nxe4 13. Bxe4 Bb7 14. f5 Bxe4 15.
Qxe4 exf5 16. Rxf5 O-O 17. Rd5 Qc8 18. Bf4 Rb7 19. Qxd4 Qxg4+ 20. Kf2 Qh4+ 21.
Kf3 Bf6 22. Qf2 Qxf2+ 23. Kxf2 b4 24. d4 Rc8 25. Rc1 h6 26. Ke2 g5 27. Be3 Kg7
28. Kd3 Kg6 29. c4 bxc3 30. bxc3 Be7 31. Rc2 f5 32. c4 f4 33. Bf2 Kh5 34. c5 Kg4
35. Re5 Bf8 36. c6 Rb4 37. d5 a5 38. Bc5 Bxc5 39. Rxc5 f3 40. Ke3 Rf8 41. Rc2
Rb1 42. c7 Re1+ 43. Kd4 Rf4+ 44. Kc5 Rxe5 45. c8=Q+ Kh4 46. Qh8 Rff5 47. Qxh6+
Kg4 48. Rc4+ Rf4 49. Rxf4+ Kxf4 50. Qf6+ Ke4 51. Kc4 Rf5 52. Qd4# {Black
checkmated} 1-0

[Event "Team 45 45 League T63"]
[Site "Internet Chess Club"]
[Date "2014.12.29"]
[Round "5"]
[White "juniorVishy"]
[Black "SlimeDog2"]
[Result "1-0"]
[WhiteElo "1911"]
[BlackElo "2002"]
[Opening "Grünfeld: Three knights variation"]
[ECO "D90"]
[Time "15:30:28"]
[TimeControl "2700+45"]

1. d4 Nf6 2. c4 g6 3. Nf3 Bg7 4. Nc3 d5 5. cxd5 Nxd5 6. Qb3 Nb6 7. Bg5 h6 8. Bh4
Be6 9. Qc2 O-O 10. e3 a5 11. Be2 Na6 12. O-O Nb4 13. Qb1 c6 14. a3 N4d5 15. Qc2
a4 16. Ne4 Bf5 17. Nfd2 Qc8 18. Bg3 Nd7 19. Rfc1 e5 20. Qd1 Bxe4 21. Nxe4 exd4
22. Nd6 Qd8 23. e4 Ne7 24. Nxb7 Qb6 25. Nd6 c5 26. Nc4 Qe6 27. Bd3 Nc6 28. Qc2
Na5 29. Qxa4 Nxc4 30. Qxc4 Qb6 31. Qb5 Qe6 32. Qc4 Qe7 33. f4 Rfb8 34. Rab1 Ra5
35. f5 Rb6 36. b4 Rxa3 37. bxc5 Rxb1 38. Bxb1 gxf5 39. c6 Nb6 40. c7 Nc8 41. Qd5
fxe4 42. Qd8+ Qf8 43. Bxe4 Rc3 44. Rxc3 dxc3 45. Qxf8+ Kxf8 46. Bf5 Bd4+ 47. Bf2
{Black resigns} 1-0

[Event "Team 45 45 League T63"]
[Site "Internet Chess Club"]
[Date "2014.12.27"]
[Round "5"]
[White "Holzschlange"]
[Black "ausya"]
[Result "1-0"]
[WhiteElo "1830"]
[BlackElo "1706"]
[Opening "King's Indian: fianchetto, Yugoslav, 7.O-O"]
[ECO "E65"]
[Time "11:07:50"]
[TimeControl "2700+45"]

1. Nf3 Nf6 2. g3 g6 3. Bg2 Bg7 4. c4 O-O 5. O-O d6 6. Nc3 c5 7. d4 Nbd7 8. Rb1
Nb6 9. Qd3 Bd7 10. dxc5 dxc5 11. Ne5 Qc7 12. Bf4 Nh5 13. Nxg6 Nxf4 14. Nxf4 e6
15. Ne4 Be5 16. Ng5 f5 17. Nfxe6 Bxe6 18. Nxe6 Qf7 19. Nxf8 Rxf8 20. b3 Kh8 21.
e3 Nc8 22. Qd5 Qxd5 23. Bxd5 b6 24. Rbd1 Rd8 25. Be6 Nd6 26. Bxf5 Bf6 27. Rd5
Kg7 28. Rfd1 Be7 29. e4 h6 30. e5 Nb7 31. Rxd8 Nxd8 32. Rd7 Kf8 33. Rxa7 Nc6 34.
Rb7 Nxe5 35. Rxb6 Kg7 36. a4 Bd8 37. Rb8 Ba5 38. Rb5 Bb4 39. a5 Nc6 40. a6
{Black resigns} 1-0

[Event "Team 45 45 League T63"]
[Site "Internet Chess Club"]
[Date "2014.12.31"]
[Round "5"]
[White "tryanything"]
[Black "JasonModer"]
[Result "0-1"]
[WhiteElo "1547"]
[BlackElo "1790"]
[Opening "QGD semi-Slav: Chigorin defense"]
[ECO "D45"]
[Time "17:44:35"]
[TimeControl "2700+45"]

1. d4 d5 2. Nf3 Nf6 3. c4 e6 4. Nc3 c6 5. e3 Bd6 6. Bd3 Nbd7 7. O-O O-O 8. a3
dxc4 9. Bxc4 e5 10. dxe5 Nxe5 11. Nxe5 Bxe5 12. Qxd8 Rxd8 13. Rd1 Bf5 14. Rxd8+
Rxd8 15. Bb3 Kf8 16. f3 Ke7 17. e4 Be6 18. Bc2 Bd4+ 19. Kh1 b5 20. h4 Bf2 21.
Bg5 h6 22. Bxf6+ Kxf6 23. h5 Kg5 24. Rd1 Rxd1+ 25. Nxd1 Bg3 26. Ne3 Kxh5 27. Nf1
Be5 28. g4+ Kg6 29. b3 Kf6 30. Kg2 Bf4 31. Kf2 Ke5 32. Ng3 Bxg3+ 33. Kxg3 Kd4
34. f4 f6 35. f5 Bf7 36. Kf3 Kc3 37. Bd1 Bxb3 {White resigns} 0-1

[Event "Team 45 45 League T63"]
[Site "Internet Chess Club"]
[Date "2014.12.28"]
[Round "5"]
[White "RobertStephen"]
[Black "room-matt"]
[Result "1-0"]
[WhiteElo "2049"]
[BlackElo "1882"]
[Opening "Bogo-Indian defense, Nimzovich variation"]
[ECO "E11"]
[Time "04:11:03"]
[TimeControl "2700+45"]

1. d4 Nf6 2. Nf3 e6 3. c4 Bb4+ 4. Bd2 Qe7 5. g3 d5 6. e3 Ne4 7. a3 Bxd2+ 8.
Nbxd2 O-O 9. Rc1 c6 10. Bg2 Nd7 11. Nxe4 dxe4 12. Nd2 f5 13. f3 exf3 14. Qxf3
Qf6 15. O-O e5 16. Qf2 h5 17. b3 Qe7 18. b4 a5 19. Rb1 axb4 20. axb4 Ra2 21. b5
Qd6 22. Ra1 Rc2 23. Ne4 Rxf2 24. Nxd6 Rxf1+ 25. Rxf1 cxb5 26. Nxf5 Re8 27. Nd6
Rd8 28. cxb5 exd4 29. exd4 Nf6 30. Nxc8 Rxc8 31. Bxb7 Rd8 32. d5 Rd6 33. Bc6 Nd7
34. h3 Nb6 35. Rf4 g6 36. Kh1 Kg7 37. h4 Nd7 38. Kg2 Ne5 39. Re4 Kf6 40. Kf2
Ng4+ 41. Kf3 Kf5 42. Rf4+ Ke5 43. Rf8 Kd4 44. b6 Ne5+ 45. Ke2 Nxc6 46. dxc6 Rxc6
47. b7 Rb6 48. b8=Q {Black resigns} 1-0

[Event "Team 45 45 League T63"]
[Site "Internet Chess Club"]
[Date "2015.01.02"]
[Round "5"]
[White "Goli"]
[Black "spand42"]
[Result "0-1"]
[WhiteElo "1860"]
[BlackElo "1920"]
[Opening "Ruy Lopez: Cozio defense"]
[ECO "C60"]
[Time "16:51:33"]
[TimeControl "2700+45"]

1. e4 e5 2. Nf3 Nc6 3. Bb5 Nge7 4. O-O g6 5. d4 exd4 6. Nxd4 Bg7 7. Nxc6 Nxc6 8.
Bxc6 bxc6 9. c3 O-O 10. Bf4 d5 11. Qc2 Rb8 12. Nd2 d4 13. cxd4 Qxd4 14. Rab1
Rxb2 15. Rxb2 Qxb2 16. Qxb2 Bxb2 17. Bxc7 Be6 18. Rb1 Bc3 19. Nb3 Rc8 20. Rc1
Bb2 21. Rc2 Rxc7 22. Rxb2 c5 23. Rc2 c4 24. Nd4 Rd7 {White resigns} 0-1

[Event "Team 45 45 League T63"]
[Site "Internet Chess Club"]
[Date "2014.12.26"]
[Round "5"]
[White "az2112"]
[Black "zap2"]
[Result "0-1"]
[WhiteElo "1638"]
[BlackElo "1698"]
[Opening "Pirc defense"]
[ECO "B07"]
[Time "12:00:55"]
[TimeControl "2700+45"]

1. e4 d6 2. d4 Nf6 3. Nc3 e5 4. dxe5 dxe5 5. Qxd8+ Kxd8 6. Nf3 Bd6 7. Bg5 c6 8.
O-O-O Ke7 9. Nd2 h6 10. Bh4 b5 11. Nb3 a5 12. a4 g5 13. Bg3 b4 {White resigns}
0-1